 Dungeon Crawl Stone Soup version 0.16-a0-1109-gda7d4ef (webtiles) character file.

70 JacquesDerrida the Cudgeler (level 3, 0/29 HPs)
             Began as a Demigod Skald on Oct 6, 2014.
             Succumbed to an adder's poison
             ... on level 3 of the Dungeon.
             The game lasted 00:03:48 (1263 turns).

JacquesDerrida the Cudgeler (Demigod Skald)         Turns: 1263, Time: 00:03:48

Health: 0/29       AC:  6    Str: 15    XL:     3   Next: 77%
Magic:  2/7        EV: 11    Int: 16    God:
Gold:   164        SH:  0    Dex: 17    Spells: 2 memorised, 1 level left

rFire  + . .     SeeInvis .     a - +0 mace
rCold  + . .     Clarity  .     b - +0 leather armour
rNeg   . . .     SustAb   .     (no shield)
rPois  +         Gourm    .     (no helmet)
rElec  +         Spirit   .     (no cloak)
rCorr  +         Warding  .     l - +1 pair of gloves
rMut   .         Stasis   .     m - +0 pair of boots
MR     .....                    (no amulet)
Stlth  +.........               (no ring)
                                (no ring)

@: lethally poisoned, resistant, not resistant to hostile enchantments, very
unstealthy
A: no striking features
a: no special abilities


You were on level 3 of the Dungeon.
You were hungry.

You visited 1 branch of the dungeon, and saw 3 of its levels.

You collected 164 gold pieces.

Inventory:

Hand weapons
 a - a +0 mace (weapon)
Armour
 b - a +0 leather armour (worn)
 l - a +1 pair of gloves (worn)
 m - a +0 pair of boots (worn)
Magical devices
 r - a wand of slowing (10)
Comestibles
 d - 2 bread rations
 s - 2 chunks of hobgoblin flesh
 t - a meat ration
Scrolls
 f - 5 scrolls of identify {unknown}
 g - 4 scrolls of fear {unknown}
 h - a scroll of blinking {unknown}
 j - 3 scrolls of teleportation {unknown}
 k - 2 scrolls of remove curse {unknown}
 p - a scroll of noise {unknown}
 q - a scroll of amnesia {unknown}
Jewellery
 n - an uncursed ring of ice
Potions
 e - a potion of resistance
Books
 c - a book of Battle

   Spells                             Type                      Level
   *Infusion                          Charms                       1
   Shroud of Golubria                 Charms/Translocation         2
   Song of Slaying                    Charms                       2
   Spectral Weapon                    Hexes/Charms                 3
   *Regeneration                      Charms/Necromancy            3


   Skills:
 - Level 1.7 Fighting
 + Level 3.9 Maces & Flails
 - Level 0.8 Armour
 - Level 0.8 Dodging
 - Level 1.7 Spellcasting
 - Level 2.6 Charms


You had one spell level left.
You knew the following spells:

 Your Spells              Type           Power        Failure   Level  Hunger
a - Infusion              Chrm           ##....       10%         1    ##.....
b - Regeneration          Chrm/Necr      #.........   38%         3    ####...


Dungeon Overview and Level Annotations

Branches:
Dungeon (3/15)

Annotations:
D:3 Ijyb


Message History

You closely miss the adder.
The adder is severely wounded.
* * * LOW HITPOINT WARNING * * *
You feel sick. The bat misses you. The bat barely misses you.
The adder closely misses you.
You hit the adder.
You kill the adder!
* * * LOW HITPOINT WARNING * * *
You feel sick. The bat closely misses you. The bat barely misses you.
Ijyb hits you with a club.
* * * LOW HITPOINT WARNING * * *
You closely miss the bat. The bat barely misses you.
Ijyb hits you but does no damage.
* * * LOW HITPOINT WARNING * * *
You feel sick. The bat hits you but does no damage.
The bat hits you but does no damage.
You see here a bat corpse.
You barely miss the bat. The bat misses you. The bat barely misses you.
Ijyb misses you.
You die...

#.....#..bb#...#
#.>...#....#.$.## ..
##....#....#....#
..........#....#....#
..........######..#.#
....... ........#..#
........ .......##b##
...............###g#
...............b@%.#
o.........##########
..%....... o.........
.#######+# .## ..#
..# ..#


You could see Ijyb and a bat.

Vanquished Creatures
  Jessica (D:3)
  An adder (D:3)
  A giant gecko (D:3)
  An ooze (D:2)
  13 bats
  4 hobgoblins
  5 kobolds
  2 ball pythons (D:1)
  5 goblins
  8 rats
41 creatures vanquished.

Notes
Turn   | Place    | Note
--------------------------------------------------------------
     0 | D:1      | JacquesDerrida, the Demigod Skald, began the quest for the Orb.
     0 | D:1      | Reached XP level 1. HP: 17/17 MP: 3/3
   299 | D:1      | Reached XP level 2. HP: 24/24 MP: 4/4
   708 | D:2      | Reached skill level 3 in Maces & Flails
   859 | D:2      | Noticed a moth of wrath
   862 | D:2      | Found a bloodstained altar of Trog.
  1113 | D:3      | Noticed Jessica
  1119 | D:3      | Killed Jessica
  1119 | D:3      | Reached XP level 3. HP: 29/29 MP: 1/7
  1129 | D:3      | Learned a level 3 spell: Regeneration
  1209 | D:3      | Noticed Ijyb
  1261 | D:3      | HP: 1/29 [poisoned by an adder]
  1263 | D:3      | Succumbed to an adder's poison

Action                   || total
-------------------------++-------
Melee: Mace              ||   117
 Cast: Infusion          ||    10
  Use: Potion            ||     4
  Eat: Chunk             ||     1
